 Dungeon Crawl Stone Soup version 0.24.0-13-gcf9b319 (webtiles) character file.

Game seed: 9981044474673100699, levelgen mode: deterministic

508 Balder the Cudgeler (level 6, -6/61 HPs)
             Began as a Troll Fighter on May 17, 2020.
             Was an Initiate of Okawaru.
             Mangled by a hornet zombie (9 damage)
             ... on level 6 of the Dungeon on May 18, 2020.
             The game lasted 00:18:13 (3817 turns).

Balder the Cudgeler (Troll Fighter)                 Turns: 3817, Time: 00:18:13

Health: -6/61      AC:  8    Str: 25    XL:     6   Next: 98%
Magic:  5/5        EV:  8    Int:  4    God:    Okawaru [......]
Gold:   269        SH:  9    Dex: 11    Spells: 5/5 levels left

rFire    . . .     SeeInvis .     - Unarmed
rCold    + . .     Gourm    +   c - +0 shield
rNeg     . . .     Faith    .   r - +2 robe {MR+}
rPois    .         Spirit   .   (helmet restricted)
rElec    .         Reflect  .   (no cloak)
rCorr    .         Harm     .   (gloves unavailable)
MR       ++...                  (boots unavailable)
Stlth    +.........             (no amulet)
HPRegen  0.60/turn              b - ring of protection from magic
MPRegen  0.09/turn              i - ring of protection from cold

@: no status effects
A: large, unfitting armour, claws 3, fast metabolism 3, gourmand, regeneration
1, shaggy fur 1, tough skin 3
a: Renounce Religion


You were on level 6 of the Dungeon.
You worshipped Okawaru.
Okawaru was noncommittal.
You were full.

You visited 2 branches of the dungeon, and saw 7 of its levels.

You collected 269 gold pieces.

Inventory:

Hand Weapons
 a - a +0 flail
Missiles
 o - 48 poisoned darts (quivered)
 q - 2 javelins
Armour
 c - a +0 shield (worn)
 r - a +2 robe of magic resistance (worn)
Jewellery
 b - a ring of protection from magic (left claw)
 i - a ring of protection from cold (right claw)
Scrolls
 e - a scroll of blinking {unknown}
 j - 2 scrolls of fear {unknown}
 k - 2 scrolls of fog
 l - 6 scrolls of remove curse {unknown}
 m - 3 scrolls of teleportation {unknown}
 n - a scroll of magic mapping {unknown}
 p - 7 scrolls of identify
 s - 2 scrolls of enchant armour {unknown}
 u - a scroll of amnesia {unknown}
Potions
 d - 2 potions of might
 h - 3 potions of flight
 t - a potion of agility
Comestibles
 f - 10 rations


   Skills:
 * Level 3.2 Fighting
 * Level 3.6 Maces & Flails
 * Level 2.4 Throwing
 + Level 2.9 Dodging
 * Level 3.1 Shields
 * Level 3.5 Unarmed Combat


You had 5 spell levels left.
You didn't know any spells.
Your spell library was empty.

Dungeon Overview and Level Annotations

Branches:
Dungeon (6/15)             Temple (1/1) D:6

Altars:
Cheibriados
Dithmenos
Elyvilon
Fedhas
Gozag
Hepliaklqana
Kikubaaqudgha
Makhleb
Okawaru
Qazlal
Sif Muna
Uskayaw
Vehumet
Xom
Yredelemnul
Zin
The Shining One


Innate Abilities, Weirdness & Mutations

You are too large for most types of armour.
You have claws for hands.
Your metabolism is lightning-fast.
You like to eat raw meat.
Your natural rate of healing is unusually fast.
You are covered in fur. (AC +1)
You have extremely tough skin. (AC +3)


Message History

You scratch the hornet zombie but do no damage.
The hornet zombie is moderately damaged.
The hornet zombie hits you but does no damage.
You scratch the hornet zombie.
The hornet zombie is moderately damaged.
The hornet zombie hits you.
* * * LOW HITPOINT WARNING * * *
The hornet zombie hits you.
* * * LOW HITPOINT WARNING * * *
You claw the hornet zombie!
The hornet zombie is heavily damaged.
You block the hornet zombie's attack.
You scratch the hornet zombie.
The hornet zombie is severely damaged.
The hornet zombie hits you!
* * * LOW HITPOINT WARNING * * *
You scratch the hornet zombie.
The hornet zombie is severely damaged.
You block the hornet zombie's attack. The hornet zombie hits you!
You die...

...#.###...
<..##..............#
.#..................#
.#.###..............
.... ...###........
.#.####.$........+#
......#..##...##..#
##.#.....##...##Z.#
................@.#
##.#........>.....#
...#..................
##.#.....##...##.###...
#...<...##...##... .#
######..........### #
...#...##...# ####...#
...# ..... ...


You could see a hornet zombie.

Vanquished Creatures
  An ogre (D:5)
  Blork the orc (D:4)
  A scorpion (D:4)
  A howler monkey (D:5)
  An orc priest (D:3)
  2 hounds
  A worker ant (D:5)
  A worker ant zombie (D:5)
  A gnoll (D:1)
  6 adders
  A shadow imp (D:5)
  2 adder skeletons (D:4)
  2 dart slugs
  5 leopard geckos
  9 orcs
  4 bats
  4 giant cockroaches
  4 goblins
  3 hobgoblins
  2 jackals (D:1)
  2 quokkas
  5 frilled lizards
  4 kobolds (D:1)
  A leopard gecko zombie (D:5)
  5 rats
69 creatures vanquished.

Notes
Turn   | Place    | Note
-------+----------+-------------------------------------------
     0 | D:1      | Balder the Troll Fighter began the quest for the Orb.
     0 | D:1      | Reached XP level 1. HP: 22/22 MP: 0/0
    72 | D:1      | Reached XP level 2. HP: 28/29 MP: 1/1
   435 | D:1      | Reached XP level 3. HP: 36/36 MP: 2/2
   837 | D:2      | Found a burning altar of Makhleb.
  1475 | D:3      | Reached skill level 1 in Unarmed Combat
  1495 | D:3      | Reached skill level 1 in Throwing
  1661 | D:3      | Reached XP level 4. HP: 44/44 MP: 3/3
  1726 | D:3      | Found a shimmering altar of Xom.
  2101 | D:4      | Reached XP level 5. HP: 39/52 MP: 4/4
  2215 | D:4      | Found a blossoming altar of Fedhas.
  2293 | D:4      | Noticed Blork the orc
  2304 | D:4      | Killed Blork the orc
  2352 | D:4      | Reached XP level 6. HP: 59/59 MP: 5/5
  2554 | D:4      | Found a shimmering altar of Xom.
  2923 | D:5      | Entered Level 5 of the Dungeon
  2953 | D:5      | Found a radiant altar of Vehumet.
  3014 | D:5      | Found a shimmering blue altar of Sif Muna.
  3614 | D:6      | Found a staircase to the Ecumenical Temple.
  3642 | Temple   | Entered the Ecumenical Temple
  3767 | Temple   | Became a worshipper of Warmaster Okawaru
  3816 | D:6      | HP: 2/61 [hornet zombie (10)]
  3817 | D:6      | Mangled by a hornet zombie

Levels and vault maps discovered:
D:1:      dpeg_arrival_tiny_a, layout_loops_ring
D:2:      layout_basic, nicolae_overflow_crystal_walls, hangedman_decor_points
D:3:      layout_rooms, first_ration, serial_bayou_pond_e, xom_teletrap_fun
D:4:      layout_cave_pods, lemuel_crystal_altar, overflow_temple_1_default,
          uniq_blork_the_orc
D:5:      layout_cave_pools, vehumet_crystals, kennysheep_little_box,
          hangedman_minor_gate_pass
D:6:      layout_basic, nicolae_ashenzari_panopticon,
          minmay_temple_entry_stoned_glass, basic_altar, serial_shops, shop
Temple:   nicolae_temple_x_marks_the_god

Skill      XL: |  1  2  3  4  5  6 |
---------------+-------------------+-----
Maces & Flails | 2 3 |  3.6
Unarmed Combat | 1 2 3 |  3.5
Throwing       | 1 2 |  2.4
Fighting       | 3 |  3.2
Shields        | 3 |  3.1
Dodging        | |  2.9

Action                   |  1- 3 |  4- 6 || total
-------------------------+-------+-------++-------
Melee: Flail             |    31 |    62 ||    93
       Unarmed           |    73 |    82 ||   155
Throw: Dart              |    12 |    27 ||    39
       Javelin           |     6 |       ||     6
  Use: Scroll            |       |     7 ||     7
       Potion            |       |     1 ||     1
  Eat: Chunk             |    20 |    17 ||    37
Armor: Robe              |    38 |    33 ||    71
Dodge: Dodged            |    25 |    29 ||    54
Block: Shield            |    43 |    60 ||   103
